 Dungeon Crawl Stone Soup version 0.21-a0-401-g0b6bec4 (webtiles) character file.

3775 graki42 the Basher (level 10, 0/61 HPs)
             Began as a Gargoyle Fighter on Oct 25, 2017.
             Slain by an orc warrior
             ... wielding a +0 glaive
              (19 damage)
             ... on level 7 of the Dungeon.
             The game lasted 00:19:32 (5336 turns).

graki42 the Basher (Gargoyle Fighter)               Turns: 5336, Time: 00:19:32

Health: 0/61       AC: 19    Str: 24    XL:     10   Next: 16%
Magic:  10/10      EV: 10    Int:  8    God:
Gold:   232        SH: 11    Dex:  9    Spells: 9/9 levels left

rFire    . . .     SeeInvis .   a - +3 morningstar
rCold    . . .     Gourm    .   c - +0 shield
rNeg     + + .     Faith    .   w - +2 scale mail {rPois}
rPois    ∞         Spirit   .   m - +1 helmet
rElec    +         Reflect  .   (no cloak)
rCorr    .         Harm     .   (no gloves)
MR       .....                  (no boots)
Stlth    ..........             (no amulet)
HPRegen  0.20/turn              y - ring of positive energy
MPRegen  0.12/turn              (no ring)

@: no status effects
A: negative energy resistance 1, electricity resistance, unbreathing,
petrification resistance, rot immunity, AC +7
a: no special abilities


You were on level 7 of the Dungeon.
You were not hungry.

You visited 1 branch of the dungeon, and saw 7 of its levels.

You collected 232 gold pieces.

Inventory:

Hand Weapons
 a - a +3 morningstar (weapon)
Armour
 c - a +0 shield (worn)
 m - a +1 helmet (worn)
 w - a +2 scale mail of poison resistance (worn)
Magical Staves
 x - an uncursed staff of death
Jewellery
 d - an uncursed ring of ice
 y - a ring of positive energy (left hand)
Wands
 b - a wand of iceblast (3/15)
 C - a wand of paralysis (11/24)
 D - a wand of iceblast (8/15)
 F - a wand of random effects (25/48)
Scrolls
 g - a scroll of vulnerability {unknown}
 h - 3 scrolls of teleportation
 i - 2 scrolls of remove curse
 k - a scroll of identify
 n - a scroll of fog
 s - 2 scrolls of magic mapping
 v - a scroll of blinking
 z - a scroll of enchant armour {unknown}
 E - a scroll of silence {unknown}
Potions
 e - a potion of agility
 l - a potion of heal wounds
 q - a potion of invisibility
 r - 3 potions of flight {unknown}
 t - 3 potions of curing
 A - 2 potions of resistance {unknown}
 B - a potion of might
Comestibles
 f - 7 bread rations
 o - 3 fruits
 p - 3 royal jellies
 u - 2 meat rations


   Skills:
 + Level 6.4 Fighting
 + Level 8.9 Maces & Flails
 + Level 6.5 Armour
 + Level 3.7 Dodging
 - Level 1.9 Stealth
 + Level 8.6 Shields


You had 9 spell levels left.
You didn't know any spells.

Dungeon Overview and Level Annotations

Branches:
Dungeon (7/15)             Temple (0/1) D:6

Altars:
Dithmenos
Elyvilon
Hepliaklqana
Kikubaaqudgha
Ru
Wu Jian

Annotations:
D:5 1 exclusion


Innate Abilities, Weirdness & Mutations

You are resistant to torment.
Your stone body is resilient. (AC +7)
You are immune to poison.
You resist negative energy. (rN+)
You are resistant to electric shocks. (rElec)
You can survive without breathing.
You are immune to petrification.
You are immune to rotting.


Message History

You barely miss the orc priest. You block the orc warrior's attack.
The orc priest hits you but does no damage.
You sock the orc priest!
The orc priest is heavily wounded.
The orc wizard mumbles some strange words.
The orc wizard blinks!
The orc warrior barely misses you. You block the orc priest's attack.
The orc wizard casts a spell.
The orc wizard blinks!
You closely miss the orc priest.
The orc priest is heavily wounded.
You block the orc priest's attack. The orc warrior closely misses you.
You barely miss the orc priest.
The orc priest is heavily wounded.
The orc priest misses you.
The orc warrior hits you from afar with a glaive!
You impale the orc priest!!
You kill the orc priest!
The orc warrior hits you from afar with a glaive!!
You die...

##........#
#.?.......#
#........##
##......## #.....##
.. #..o.## #.#
#..o## #.# ###[# #.#
#@# ..# ## ##.# .#
##.###.## # #......#
#### ## # ##.....#
#≈≈ ≈≈ # #.....##
#≈# #≈ ##
#......###≈#######≈
.###
##........≈≈#...#≈≈
...###
##....##...)...#≈≈##


You could see an orc warrior and an orc wizard.

Vanquished Creatures
  The ghost of Slowdrip the Basher, a novice MiCK of Xom (D:4)
  A hippogriff (D:7)
  Sigmund (D:3)
  Eustachio (D:6)
  The ghost of Bluemoon111 the Poker, an amateur MfIE (D:3)
  Menkaure (D:6)
  Edmund (D:6)
  Duvessa (D:5)
  A sky beast (D:5)
  A black bear (D:4)
  An ice beast (D:5)
  2 orc warriors
  2 ogres (D:5)
  2 centaurs
  Blork the orc (D:4)
  3 bullfrogs (D:6)
  A big kobold (D:6)
  Dowan (D:5)
  A scorpion (D:5)
  9 wights (D:6)
  A howler monkey (D:6)
  A bullfrog zombie (D:5)
  4 hounds
  A centaur zombie (D:5)
  2 orc priests (D:7)
  2 jellies (D:6)
  A gnoll shaman (D:6)
  A centaur skeleton (D:6)
  5 worker ants
  5 iguanas
  2 orc wizards
  A hound skeleton (D:4)
  9 gnolls
  A howler monkey skeleton (D:5)
  10 adders
  3 worms (D:3)
  A dart slug (D:3)
  3 leopard geckos
  17 orcs
  6 ball pythons
  4 giant cockroaches
  9 goblins
  7 hobgoblins
  8 jackals
  4 quokkas
  11 bats
  5 frilled lizards
  A giant cockroach zombie (D:5)
  A jackal zombie (D:5)
  13 kobolds
  A quokka skeleton (D:7)
  12 rats
185 creatures vanquished.

Notes
Turn   | Place    | Note
-------+----------+-------------------------------------------
     0 | D:1      | graki42 the Gargoyle Fighter began the quest for the Orb.
     0 | D:1      | Reached XP level 1. HP: 14/14 MP: 1/1
    91 | D:1      | Reached XP level 2. HP: 9/19 MP: 2/2
   705 | D:2      | Reached XP level 3. HP: 22/23 MP: 3/3
   942 | D:2      | Reached XP level 4. HP: 28/28 MP: 4/4
  1068 | D:2      | Found a white marble altar of Elyvilon.
  1332 | D:3      | Noticed Sigmund
  1336 | D:3      | Noticed Bluemoon111's ghost (amateur MfIE)
  1339 | D:3      | Killed Sigmund
  1339 | D:3      | Reached XP level 5. HP: 16/33 MP: 5/5
  1339 | D:3      | Reached XP level 6. HP: 19/38 MP: 6/6
  1346 | D:3      | Killed Bluemoon111's ghost
  1346 | D:3      | Reached skill level 1 in Dodging
  1346 | D:3      | Reached skill level 5 in Shields
  1410 | D:3      | Found a white marble altar of Elyvilon.
  1577 | D:3      | Found a faded altar of an unknown god.
  1778 | D:3      | Found a sacrificial altar of Ru.
  1786 | D:3      | Reached XP level 7. HP: 39/43 MP: 7/7
  2119 | D:4      | Noticed Blork the orc
  2131 | D:4      | Killed Blork the orc
  2131 | D:4      | Reached skill level 5 in Maces & Flails
  2436 | D:4      | Got a steaming glaive
  2522 | D:4      | Noticed Slowdrip's ghost (novice MiCK)
  2547 | D:4      | Killed Slowdrip's ghost
  2547 | D:4      | Reached skill level 1 in Stealth
  2547 | D:4      | Reached XP level 8. HP: 29/48 MP: 8/8
  2711 | D:5      | Entered Level 5 of the Dungeon
  2795 | D:5      | Reached skill level 5 in Fighting
  2861 | D:5      | Found a hazy altar of Hepliaklqana.
  2876 | D:5      | Reached skill level 5 in Armour
  3479 | D:5      | Reached XP level 9. HP: 49/54 MP: 9/9
  3570 | D:6      | Found a shadowy altar of Dithmenos.
  3570 | D:6      | Noticed Duvessa
  3570 | D:6      | Noticed Dowan
  3638 | D:5      | Killed Duvessa
  3649 | D:5      | Killed Dowan
  3970 | D:6      | Noticed Menkaure
  3982 | D:6      | Killed Menkaure
  4311 | D:6      | Found a staircase to the Ecumenical Temple.
  4732 | D:6      | Noticed Edmund
  4746 | D:6      | Killed Edmund
  4902 | D:6      | Noticed Eustachio
  4912 | D:6      | Killed Eustachio
  4912 | D:6      | Reached XP level 10. HP: 58/60 MP: 10/10
  4943 | D:6      | Found an ornate altar of the Wu Jian Council.
  5164 | D:7      | Found an ancient bone altar of Kikubaaqudgha.
  5336 | D:7      | Slain by an orc warrior

Vault maps used:
D:1:      eino_arrival_cavern_e
D:2:      elyvilon_altar_1
D:3:      marbit_many_paths, overflow_temple_1_default,
          chequers_ecumenical_altar_simple, kennysheep_generic_room_11,
          uniq_sigmund
D:4:      first_bread, saegor_snake_ambush, uniq_blork_the_orc
D:5:      old_standard_altar, supply_closet_lemuel
D:6:      grunt_dithmenos_smoke, lemuel_coloured_pillars_altar,
          minmay_temple_entry_from_below_b, uniq_eustachio, uniq_edmund,
          uniq_duvessa, uniq_menkaure
D:7:      old_standard_altar, lightli_minifort

Skill      XL: |  1  2  3  4  5  6  7  8  9 |
---------------+----------------------------+-----
Shields        | 4 5 6 7 8 |  8.6
Fighting       | 4 5 6 |  6.4
Maces & Flails | 3 4 5 7 8 |  8.9
Armour         | 4 5 6 |  6.5
Dodging        | 1 2 3 |  3.7
Stealth        | 1 |  1.9

Action                   |  1- 3 |  4- 6 |  7- 9 | 10-12 || total
-------------------------+-------+-------+-------+-------++-------
Melee: Flail             |   145 |   200 |   344 |       ||   689
       Whip              |       |       |   185 |       ||   185
       Morningstar       |       |       |    10 |    52 ||    62
  Use: Potion            |       |     1 |     1 |       ||     2
       Scroll            |       |       |    12 |       ||    12
 Stab: Invisible         |       |       |     5 |       ||     5
  Eat: Chunk             |       |     4 |    11 |     1 ||    16
Armor: Scale mail        |   117 |    85 |   270 |    19 ||   491
Dodge: Dodged            |    56 |    60 |   181 |    17 ||   314
Block: Shield            |   113 |   123 |   288 |    36 ||   560

Table legend:
 A = Spawn XP
 B = Non-spawn XP
 C = Spawn XP percentage of total XP
 D = Spawn monster count
 E = Non-spawn monster count
 F = Spawn count percentage of total count
 G = Total turns spent on level
                    A         B        C        D         E        F      G
               +---------+---------+-------+---------+---------+-------+---------
         Total |       0 |    5394 |   0.0 |       0 |     185 |   0.0 |  5336
               +---------+---------+-------+---------+---------+-------+---------
           D:1 |       0 |      29 |   0.0 |       0 |      20 |   0.0 |   683
           D:2 |       0 |      94 |   0.0 |       0 |      27 |   0.0 |   647
           D:3 |       0 |     498 |   0.0 |       0 |      38 |   0.0 |   540
           D:4 |       0 |     867 |   0.0 |       0 |      18 |   0.0 |  1015
           D:5 |       0 |    1253 |   0.0 |       0 |      27 |   0.0 |   919
           D:6 |       0 |    1910 |   0.0 |       0 |      42 |   0.0 |  1260
           D:7 |       0 |     743 |   0.0 |       0 |      13 |   0.0 |   272
               +---------+---------+-------+---------+---------+-------+---------
